 Dungeon Crawl Stone Soup version 0.29.1-12-g30fa7ad0bf (webtiles) character file.

Game seed: 14572593132281895043

88 kingofthe the Caller (level 4, -3/31 HPs)
             Began as a Merfolk Summoner on Jan 14, 2023.
             Slain by a gnoll
             ... wielding a +0 flail
              (8 damage)
             ... on level 1 of the Dungeon.
             The game lasted 00:12:05 (3455 turns).

kingofthe the Caller (Merfolk Summoner)             Turns: 3455, Time: 00:12:08

Health: -3/31      AC: 10    Str:  8    XL:     4   Next: 54%
Magic:  5/8        EV: 13    Int: 16    God:
Gold:   137        SH:  0    Dex: 14    Spells: 4/8 levels left

rFire   . . .      SeeInvis .   a - +1 trident (protect)
rCold   . . .      Faith    .   (no shield)
rNeg    . . .      Spirit   .   g - +0 robe
rPois   .          Reflect  .   (no helmet)
rElec   .          Harm     .   p - +0 cloak
rCorr   +          Rampage  .   (no gloves)
Will    .....                   (no boots)
Stlth   ++........              (no amulet)
HPRegen 0.10/turn               h - ring of resist corrosion
MPRegen 0.11/turn               (no ring)

@: under a protective aura
A: (nimble swimmer 2), mertail
a: no special abilities


You were on level 1 of the Dungeon.
You visited 1 branch of the dungeon, and saw 2 of its levels.

You collected 137 gold pieces.

Inventory:

Hand Weapons
 a - a +1 trident of protection (weapon)
 b - a +2 dagger of protection
 j - a +1 dagger of protection
 n - a +0 sling
Missiles
 e - 17 stones
Armour
 g - a +0 robe (worn)
 p - a +0 cloak (worn)
Jewellery
 h - a ring of resist corrosion (left hand)
Scrolls
 d - 2 scrolls of identify {unknown}
 f - a scroll of amnesia {unknown}
 i - a scroll of blinking {unknown}
 o - a scroll of magic mapping {unknown}
Potions
 c - a potion of magic
 k - a potion of brilliance {unknown}
 l - a potion of heal wounds {unknown}
 m - a potion of mutation {unknown}
 q - a potion of might {unknown}
 r - a potion of curing {unknown}


   Skills:
 + Level 0.8 Fighting
 + Level 3.8 Dodging
 - Level 2.2 Stealth
 + Level 2.6 Spellcasting
 + Level 4.9 Summonings


You had 4 spell levels left.
You knew the following spells:

 Your Spells              Type           Power      Damage    Failure   Level
a - Summon Small Mammal   Summ           68%        N/A       2%          1
z - Call Canine Familiar  Summ           17%        N/A       8%          3

Your spell library contained the following spells:

 Spells                   Type           Power      Damage    Failure   Level
 Call Imp                 Summ           17%        N/A       4%          2
 Necrotise                Necr           8%         1d4       21%         1
 Summon Guardian Golem    Hex/Summ       9%         N/A       22%         3
 Vampiric Draining        Necr           2%         2d6       52%         3
 Summon Lightning Spire   Summ/Air       9%         N/A       56%         4
 Agony                    Necr           2%         N/A       99%         5


Dungeon Overview and Level Annotations

Branches:
Dungeon (2/15)

Altars:


Innate Abilities, Weirdness & Mutations

((You are very nimble when in or above water. (Stealth+, EV+, Speed+++)))
Your lower body shifts to a powerful aquatic tail in water.


Message History

Your quokka's corpse disappears in a puff of smoke!
Casting: Summon Small Mammal (safe; 2% risk of failure)
Confirm with . or Enter, or press ? or * to list all spells.
The gnoll hits your rat with a +0 flail.
Your rat dies!
Your rat's corpse disappears in a puff of smoke!
Casting: Summon Small Mammal (safe; 2% risk of failure)
Confirm with . or Enter, or press ? or * to list all spells.
The gnoll attacks as you move away! The gnoll barely misses you.
Your bat hits the gnoll.
The gnoll hits your bat but does no damage.
Your bat hits the gnoll but does no damage.
Reach: a) +1 trident (protect)
Press: ? - help, Dir - move target, f/p - gnoll
Aim: a gnoll, wielding a +0 flail (moderately wounded, ally target, about 39% to evade your +1 trident of protection)
You could not reach far enough!
Your bat barely misses the gnoll.
The gnoll barely misses your bat.
Reach: a) +1 trident (protect)
Press: ? - help, Dir - move target, f/p - gnoll
Aim: a gnoll, wielding a +0 flail (moderately wounded, ally target, about 39% to evade your +1 trident of protection)
You could not reach far enough!
Your bat barely misses the gnoll.
Your bat closely misses the gnoll.
The gnoll hits your bat with a +0 flail!
Your bat dies!
Your bat's corpse disappears in a puff of smoke!
Reach: a) +1 trident (protect)
Press: ? - help, Dir - move target, f/p - gnoll
Aim: a gnoll, wielding a +0 flail (purple smoke, moderately wounded, about 39% to evade your +1 trident of protection)
You reach to attack!
You puncture the gnoll!
Your weapon exudes an aura of protection.
The gnoll is almost dead.
The gnoll hits you with a +0 flail!
* * * LOW HITPOINT WARNING * * *
Reach: a) +1 trident (protect)
Press: ? - help, Dir - move target, f/p - gnoll
Aim: a gnoll, wielding a +0 flail (almost dead, about 39% to evade your +1 trident of protection)
You hit the gnoll but do no damage.
The gnoll is almost dead.
The gnoll hits you with a +0 flail!
You die...

#.#.# #..........##># #.#.#
#..........###### #.#.#
#...............# #.#.#
#...............# ..#.#
#...............# ###.#
######.##.......# ..#.#
#.##.......# #.#.#
#.##.......#
#.#.############@##.......#
#.#...)......ยง.g.##.......#
#.#################.......#
......# #.......# #.###.#
######### #.# #.# #.# #.#
#.# #.# #.# #.#


You could see a gnoll.

Vanquished Creatures
  3 gnolls (D:2)
  A dart slug (D:2)
  2 ball pythons
  3 endoplasms
  6 giant cockroaches
  6 goblins
  5 hobgoblins
  2 jackals (D:2)
  A quokka (D:1)
  8 bats
  3 frilled lizards
  A kobold (D:2)
  2 rats (D:1)
43 creatures vanquished.

Vanquished Creatures (collateral kills)
  A bat (D:1)
  A goblin (D:1)
  A hobgoblin (D:2)
  2 jackals (D:2)
  2 kobolds (D:1)
7 creatures vanquished.

Grand Total: 50 creatures vanquished

Notes
Turn   | Place    | Note
-------+----------+-------------------------------------------
     0 | D:1      | kingofthe the Merfolk Summoner began the quest for the Orb.
     0 | D:1      | Reached XP level 1. HP: 13/13 MP: 3/3
   323 | D:1      | Reached XP level 2. HP: 19/19 MP: 3/5
   545 | D:1      | Found a faded altar of an unknown god.
  1464 | D:1      | Reached XP level 3. HP: 24/24 MP: 6/6
  1583 | D:1      | Learned a level 3 spell: Call Canine Familiar
  2772 | D:2      | Reached XP level 4. HP: 31/31 MP: 7/7
  3455 | D:1      | Slain by a gnoll

Illustrated notes

Levels and vault maps discovered:
D:1:      reono_arrival_mine, layout_basic, ebering_ecumenical_altar_abandoned
D:2:      layout_loops_ring, dk_vineyard_2

Skill      XL: |  1  2 |
---------------+-------+-----
Dodging        | 3 |  3.8
Fighting       | |  0.8
Stealth        | |  2.2
Spellcasting   | |  2.6
Summonings     | |  4.9

Action                   |  1- 3 |  4- 6 || total
-------------------------+-------+-------++-------
Melee: Dagger            |    85 |     1 ||    86
       Unarmed           |     3 |       ||     3
       Spear             |    30 |       ||    30
       Punch             |     1 |     1 ||     2
       Trident           |       |    32 ||    32
 Cast: Summon Small Mamm |    20 |     7 ||    27
       Call Canine Famil |     1 |     1 ||     2
 Stab: Sleeping          |    11 |     2 ||    13
Armor: Robe              |    32 |     8 ||    40
Dodge: Dodged            |    84 |    18 ||   102
